 Dungeon Crawl Stone Soup version 0.18.1-48-g4cf74bf (webtiles) character file.

128 rjaguar3 the Skirmisher (level 4, -1/41 HPs)
             Began as a Minotaur Berserker on June 29, 2016.
             Was a Believer of Trog.
             Killed by nerve-wracking pain
             ... invoked by Grinder
              (9 damage)
             ... on level 3 of the Dungeon.
             The game lasted 00:06:50 (2397 turns).

rjaguar3 the Skirmisher (Minotaur Berserker)        Turns: 2397, Time: 00:06:50

Health: -1/41      AC:  3    Str: 24    XL:     4   Next: 87%
Magic:  3/3        EV: 13    Int:  4    God:    Trog [**....]
Gold:   85         SH:  0    Dex: 11    Spells: 0 memorised, 3 levels left

rFire  . . .     SeeInvis .     r - +0 hunting sling (curse)
rCold  . . .     Gourm    .     b - +0 animal skin
rNeg   . . .     Faith    .     (no shield)
rPois  .         Spirit   .     (helmet restricted)
rElec  .         Dismiss  .     (no cloak)
rCorr  .         Reflect  .     (no gloves)
SustAt .         Harm     .     w - +0 pair of boots
MR     .....                    (no amulet)
Stlth  +.........               (no ring)
                                d - +3 ring of strength

@: not resistant to hostile enchantments, very unstealthy
A: retaliatory headbutt, horns 2
a: Berserk, Trog's Hand, Burn Spellbooks, Renounce Religion


You were on level 3 of the Dungeon.
You worshipped Trog.
Trog was pleased with you.
You were not hungry.

You visited 1 branch of the dungeon, and saw 3 of its levels.

You collected 85 gold pieces.

Inventory:

Hand Weapons
 a - a +0 mace
 r - a cursed +0 hunting sling (weapon)
Missiles
 s - 7 sling bullets (quivered)
Armour
 b - a +0 animal skin (worn)
 w - a +0 pair of boots (worn)
Jewellery
 d - a +3 ring of strength (left hand)
 m - an uncursed amulet of rage
 t - an uncursed ring of protection from cold {unknown}
Scrolls
 e - a scroll of random uselessness {unknown}
 g - a scroll of magic mapping {unknown}
 i - 2 scrolls of teleportation {unknown}
 k - a scroll of recharging {unknown}
 q - 3 scrolls of fear {unknown}
 x - a scroll of amnesia {unknown}
 y - 3 scrolls of immolation {unknown}
Potions
 h - 2 potions of haste {unknown}
 j - a potion of curing {unknown}
 l - a potion of agility {unknown}
 n - a potion of resistance {unknown}
 u - a potion of cure mutation {unknown}
Comestibles
 c - a bread ration
 f - 2 meat rations
 o - 2 beef jerkies
 p - 5 fruits
 v - 2 chunks of flesh


   Skills:
 * Level 4.9 Fighting
 + Level 4.3 Maces & Flails
 * Level 1.8 Slings
 + Level 2.8 Armour
 + Level 3.2 Dodging
 + Level 0.1 Stealth


You had 3 spell levels left.
You didn't know any spells.

Dungeon Overview and Level Annotations

Branches:
Dungeon (3/15)

Altars:
Trog
The Shining One

Annotations:
D:3 Grinder


Innate Abilities, Weirdness & Mutations

You reflexively headbutt those who attack you in melee.
You have a pair of horns on your head.


Message History

Press: ? - help, Shift-Dir - straight line, f/p - Grinder
Aim: Grinder (severely wounded)
You shoot a sling bullet. The sling bullet barely misses Grinder.
Grinder gestures at you. You resist with almost no effort.
Grinder hits you but does no damage.
Firing (i - inventory):
s - 8 sling bullets (quivered)
Press: ? - help, Shift-Dir - straight line, f/p - Grinder
Aim: Grinder (severely wounded)
You shoot a sling bullet.
The sling bullet hits Grinder but does no damage.
Grinder is severely wounded.
Your skin stops crawling.
You feel less resistant to hostile enchantments.
Grinder hits you.
* * * LOW HITPOINT WARNING * * *
You writhe in agony.
* * * LOW HITPOINT WARNING * * *
Grinder gestures at you. Pain shoots through your body!
You die...

#(# .... #.# ....# #.###.....#
##.#.w(..... .#
#########....#....#. ##..
#..(.....(w### ...# ##...
#......###(# ..# ...###
#......###.######## ......
#...>......5.@....######.##...
#......###.#####.........##...
######## #.......#......###...
#..###########....... #......#
#####... #.#....# #... #....#
##... ..>...# #.... ..#.....
#....


You could see Grinder.

Vanquished Creatures
  A worker ant (D:3)
  5 adders (D:2)
  2 oozes (D:1)
  2 worms
  2 dart slugs
  3 giant cockroaches
  8 goblins
  4 hobgoblins
  A quokka (D:3)
  4 bats
  3 giant newts
  5 kobolds
  7 rats
47 creatures vanquished.

Notes
Turn   | Place    | Note
--------------------------------------------------------------
     0 | D:1      | rjaguar3 the Minotaur Berserker began the quest for the Orb.
     0 | D:1      | Reached XP level 1. HP: 19/19 MP: 0/0
   481 | D:1      | Reached XP level 2. HP: 27/27 MP: 1/1
   924 | D:1      | Reached XP level 3. HP: 31/34 MP: 2/2
  1008 | D:2      | Reached ** piety under Trog
  1441 | D:2      | Found a glowing golden altar of the Shining One.
  1662 | D:2      | Found a bloodstained altar of Trog.
  1677 | D:2      | Reached XP level 4. HP: 20/41 MP: 3/3
  2272 | D:3      | Reached skill level 1 in Slings
  2378 | D:3      | Noticed Grinder
  2397 | D:3      | Killed from afar by Grinder

Skill      XL: |  1  2  3  4 |
---------------+-------------+-----
Fighting       | 4 |  4.9
Maces & Flails | 4 |  4.3
Dodging        | 3 |  3.2
Slings         | 1 |  1.8
Armour         | |  2.8
Stealth        | |  0.1

Action                   |  1- 3 |  4- 6 || total
-------------------------+-------+-------++-------
Melee: Mace              |    75 |       ||    75
       Headbutt          |    11 |       ||    11
 Fire: Hunting sling     |       |    69 ||    69
Invok: Trog's Hand       |       |     1 ||     1
  Eat: Chunk             |     2 |     3 ||     5
Armor: Animal skin       |    13 |     6 ||    19
Dodge: Dodged            |    47 |    26 ||    73
